 Dungeon Crawl Stone Soup version 0.19-a0-1072-g3763c35 (webtiles) character file.

119 Jmtri7 the Cudgeler (level 5, -3/59 HPs)
             Began as an Ogre Berserker on Aug 5, 2016.
             Was a Believer of Trog.
             Slain by a gnoll
             ... wielding a +0 spear
              (9 damage)
             ... on level 2 of the Dungeon.
             The game lasted 00:03:59 (1558 turns).

Jmtri7 the Cudgeler (Ogre Berserker)                Turns: 1558, Time: 00:03:59

Health: -3/59      AC:  4    Str: 23    XL:     5   Next: 3%
Magic:  5/5        EV:  5    Int:  6    God:    Trog [**....]
Gold:   31         SH:  0    Dex:  9    Spells: 0 memorised, 4 levels left

rFire  . . .     SeeInvis .     a - +0 mace
rCold  . . .     Gourm    .     b - +0 animal skin
rNeg   . . .     Faith    .     (no shield)
rPois  .         Spirit   .     (helmet restricted)
rElec  .         Dismiss  .     g - +0 cloak
rCorr  .         Reflect  .     (gloves unavailable)
SustAt .         Harm     .     (boots unavailable)
MR     .....                    n - amulet of magic regeneration
Stlth  +.........               (no ring)
                                (no ring)

@: exhausted, held, slowed, very slow
A: unfitting armour, tough skin 1
a: Berserk, Trog's Hand, Burn Spellbooks, Renounce Religion


You were on level 2 of the Dungeon.
You worshipped Trog.
Trog was pleased with you.
You were very hungry.

You visited 1 branch of the dungeon, and saw 2 of its levels.

You collected 31 gold pieces.

Inventory:

Hand Weapons
 a - a +0 mace (weapon)
Armour
 b - a +0 animal skin (worn)
 g - a +0 cloak (worn)
Jewellery
 n - an amulet of magic regeneration (around neck)
Scrolls
 d - 2 scrolls of identify {unknown}
 i - a scroll of recharging {unknown}
 j - a scroll of fear {unknown}
 k - a scroll of random uselessness {unknown}
 l - a scroll of remove curse {unknown}
 m - a scroll of immolation {unknown}
 o - a scroll of enchant armour {unknown}
 p - a scroll of teleportation {unknown}
Potions
 e - a potion of curing {unknown}
 h - 2 potions of cancellation {unknown}
 q - a potion of brilliance {unknown}
Comestibles
 c - a bread ration
 f - 2 chunks of flesh


   Skills:
 + Level 5.8 Fighting
 + Level 5.9 Maces & Flails
 - Level 2.6 Dodging


You had 4 spell levels left.
You didn't know any spells.

Dungeon Overview and Level Annotations

Branches:
Dungeon (2/15)

Altars:


Innate Abilities, Weirdness & Mutations

You are too large for most types of armour.
You have tough skin. (AC +1)


Message History

The gnoll hits you with a spear.
You thump the gnoll!
The gnoll is severely wounded.
The gnoll throws a throwing net.
The throwing net hits you.
You become entangled in the net!
You struggle against the net.
You are no longer berserk.
You are exhausted.
You feel yourself slow down.
You are feeling very hungry.
The gnoll hits you with a spear.
You struggle against the net.
The gnoll hits you with a spear. The gnoll barely misses you.
The gnoll hits you with a spear!
You struggle against the net.
The gnoll hits you with a flail! The gnoll hits you with a spear!
* * * LOW HITPOINT WARNING * * *
You struggle against the net.
The gnoll hits you with a flail!
* * * LOW HITPOINT WARNING * * *
The gnoll hits you with a spear!
You die...

#...# # ### #...#.#
#..... #...#.
...#### #....
......... #...#
......... #...#
........ #gg.# #
#...... #@# .
#...... #.# .#
#...... #.# .#
#....). #.###.###.#
#....).
#.........####
#......
###...#......#
####### #.###.####.#
# #. #....#
#.#######
#.######)#.#........


You could see 2 gnolls.

Vanquished Creatures
  3 gnolls (D:2)
  3 adders (D:2)
  2 oozes
  A worm (D:2)
  A dart slug (D:1)
  A giant gecko (D:1)
  2 bats
  3 giant cockroaches
  6 goblins
  6 hobgoblins
  2 jackals (D:2)
  A ball python (D:2)
  4 giant newts
  8 kobolds
  5 rats
48 creatures vanquished.

Vanquished Creatures (others)
  5 toadstools (D:1)
5 creatures vanquished.

Grand Total: 53 creatures vanquished

Notes
Turn   | Place    | Note
-------+----------+-------------------------------------------
     0 | D:1      | Jmtri7 the Ogre Berserker began the quest for the Orb.
     0 | D:1      | Reached XP level 1. HP: 24/24 MP: 1/1
   113 | D:1      | Reached XP level 2. HP: 25/32 MP: 2/2
   367 | D:1      | Reached XP level 3. HP: 36/40 MP: 3/3
   461 | D:1      | Reached skill level 5 in Maces & Flails
   585 | D:1      | Reached ** piety under Trog
   680 | D:2      | Reached skill level 5 in Fighting
   681 | D:2      | Reached XP level 4. HP: 31/50 MP: 4/4
  1553 | D:2      | Reached XP level 5. HP: 59/59 MP: 5/5
  1558 | D:2      | Slain by a gnoll

Vault maps used:
D:1:      ldierk_walled_garden
D:2:      minmay_heptomino_w4

Skill      XL: |  1  2  3 |
---------------+----------+-----
Maces & Flails | 5 |  5.9
Fighting       | 5 |  5.8
Dodging        | |  2.6

Action                   |  1- 3 |  4- 6 || total
-------------------------+-------+-------++-------
Melee: Mace              |    72 |    83 ||   155
Invok: Berserk           |     1 |     3 ||     4
  Eat: Chunk             |       |     5 ||     5
Armor: Animal skin       |    19 |    29 ||    48
Dodge: Dodged            |    36 |    41 ||    77
